 Dungeon Crawl Stone Soup version 0.28.0-45-g0d030f2227 (webtiles) character file.

Game seed: 16321579646404958682

1073 Naeght the Spear-Bearer (level 8, 0/60 HPs)
             Began as a Merfolk Gladiator on Apr 21, 2022.
             Slain by a gnoll
             ... wielding a +0 spear
              (4 damage)
             ... on level 5 of the Dungeon.
             The game lasted 00:10:43 (5058 turns).

Naeght the Spear-Bearer (Merfolk Gladiator)         Turns: 5058, Time: 00:10:44

Health: 0/60       AC:  4    Str: 14    XL:     8   Next: 29%
Magic:  8/8        EV: 14    Int: 10    God:
Gold:   132        SH:  0    Dex: 15    Spells: 7/7 levels left

rFire   . . .      SeeInvis .   a - +0 trident
rCold   . . .      Faith    .   (no shield)
rNeg    . . .      Spirit   .   b - +0 leather armour
rPois   .          Reflect  .   c - +0 helmet
rElec   .          Harm     .   (no cloak)
rCorr   .          Rampage  .   (no gloves)
Will    .....                   (no boots)
Stlth   +.........              r - amulet of regeneration
HPRegen 1.00/turn               (no ring)
MPRegen 0.11/turn               (no ring)

@: no status effects
A: (nimble swimmer 2), mertail
a: no special abilities


You were on level 5 of the Dungeon.
You visited 1 branch of the dungeon, and saw 5 of its levels.
You also visited: Ossuary.

You collected 362 gold pieces.
You spent 230 gold pieces at shops.

Inventory:

Hand Weapons
 a - a +0 trident (weapon)
 C - a +0 halberd
Missiles
 d - 3 throwing nets
 e - 13 poisoned darts (quivered)
Armour
 b - a +0 leather armour (worn)
 c - a +0 helmet (worn)
 q - a scarf of harm
Jewellery
 l - a ring of fire
 r - an amulet of regeneration (around neck)
Wands
 s - a wand of charming (10)
 x - a wand of iceblast (6)
Scrolls
 h - a scroll of noise {unknown}
 i - a scroll of fear {unknown}
 n - 2 scrolls of enchant weapon {unknown}
 o - 2 scrolls of teleportation {unknown}
 p - a scroll of vulnerability {unknown}
 v - a scroll of amnesia {unknown}
 y - a scroll of magic mapping
 z - a scroll of fog {unknown}
 A - a scroll of summoning {unknown}
Potions
 f - 3 potions of resistance {unknown}
 g - 5 potions of curing
 j - 2 potions of magic
 k - 2 potions of heal wounds {unknown}
 m - 3 potions of haste
 t - 2 potions of might {unknown}
 u - 2 potions of attraction
 w - 2 potions of cancellation {unknown}
 B - a potion of lignification {unknown}


   Skills:
 + Level 4.1 Fighting
 * Level 10.5 Polearms
 - Level 2.0 Throwing
 + Level 3.0 Armour
 + Level 6.4 Dodging


You had 7 spell levels left.
You didn't know any spells.
Your spell library was empty.

Dungeon Overview and Level Annotations

Branches:
Dungeon (5/15)            Ossuary (visited)
 Temple: D:4-7

Altars:
Kikubaaqudgha
Nemelex Xobeh
Sif Muna
Yredelemnul

Shops:
D:3 !


Innate Abilities, Weirdness & Mutations

((You are very nimble when in or above water. (Stealth+, EV+, Speed+++)))
Your lower body shifts to a powerful aquatic tail in water.


Message History

The gnoll hits you from afar with a +0 spear.
You hit the gnoll.
You kill the gnoll!
The gnoll barely misses you.
You reach to attack!
You hit the gnoll shaman but do no damage.
The gnoll closely misses you. The gnoll barely misses you.
You hit the gnoll shaman but do no damage.
The gnoll barely misses you. The gnoll closely misses you.
You hit the gnoll shaman.
The gnoll shaman is lightly wounded.
The gnoll hits you from afar with a +0 spear. x2
The gnoll hits you but does no damage. The gnoll shaman barely misses you.
The gnoll misses you.
You closely miss the gnoll shaman.
The gnoll shaman is lightly wounded.
The gnoll hits you but does no damage. The gnoll closely misses you.
The gnoll hits you with a +0 club.
The gnoll shaman hits you with a +0 whip.
You closely miss the gnoll shaman.
The gnoll shaman is lightly wounded.
The gnoll barely misses you. The gnoll hits you but does no damage.
You hit the gnoll shaman but do no damage.
The gnoll shaman is lightly wounded.
The gnoll hits you from afar with a +0 spear.
The gnoll barely misses you. The gnoll misses you.
The gnoll hits you from afar with a +0 spear.
The gnoll shaman closely misses you.
You hit the gnoll shaman but do no damage.
The gnoll shaman is lightly wounded.
The gnoll hits you from afar with a +0 spear.
The gnoll barely misses you. The gnoll hits you with a +0 whip.
The gnoll hits you with a +0 club.
The gnoll shaman hits you with a +0 whip.
* * * LOW HITPOINT WARNING * * *
The gnoll barely misses you.
The gnoll shaman hits you with a +0 whip!
* * * LOW HITPOINT WARNING * * *
The gnoll hits you from afar with a +0 spear.
You die...

.....#...)################...'...
.....######.....# ###+##...
........# #.....### ........+
+.....# ........# #.....#
........##+######.....#
......g...............#
......)gg.............#
....).gg@.............#
########..............#
#..............#
##+########+#.... ..... .....


You could see a gnoll shaman and 4 gnolls.

Vanquished Creatures
  An ogre (D:5)
  A centaur (D:5)
  A phantom (D:4)
  A kobold brigand (D:5)
  A scorpion (D:4)
  6 water moccasin zombies (Ossuary)
  An orc priest (D:3)
  A gnoll shaman (D:4)
  2 iguanas
  An orc wizard (D:3)
  2 mummies (Ossuary)
  7 gnolls
  5 adders
  An adder zombie (Ossuary)
  A dart slug (D:1)
  11 orcs
  2 endoplasms (D:4)
  4 giant cockroaches
  8 goblins
  7 hobgoblins
  2 jackals (D:1)
  9 kobolds
  A quokka (D:2)
  6 ball pythons
  5 bats
  3 frilled lizards (D:1)
  4 gnoll zombies (Ossuary)
  4 hobgoblin zombies (Ossuary)
  4 kobold zombies (Ossuary)
  5 orc zombies (Ossuary)
  3 rats
110 creatures vanquished.

Vanquished Creatures (others)
  4 toadstools (D:2)
4 creatures vanquished.

Grand Total: 114 creatures vanquished

Notes
Turn   | Place    | Note
-------+----------+-------------------------------------------
     0 | D:1      | Naeght the Merfolk Gladiator began the quest for the Orb.
     0 | D:1      | Reached XP level 1. HP: 16/16 MP: 1/1
   234 | D:1      | Reached skill level 5 in Polearms
   278 | D:1      | Reached XP level 2. HP: 22/22 MP: 2/2
  1115 | D:2      | Reached XP level 3. HP: 27/27 MP: 3/3
  1120 | D:2      | Reached skill level 6 in Polearms
  1637 | D:2      | Reached XP level 4. HP: 19/33 MP: 4/4
  2197 | D:3      | Reached skill level 1 in Armour
  2369 | D:3      | Reached skill level 7 in Polearms
  3153 | D:3      | Reached XP level 5. HP: 38/38 MP: 5/5
  3377 | D:4      | Noticed a phantom
  3397 | D:4      | Killed a phantom
  3398 | D:4      | Reached skill level 8 in Polearms
  3398 | D:4      | Reached XP level 6. HP: 44/44 MP: 6/6
  3499 | D:4      | Found a sand-covered staircase.
  3535 | D:5      | Entered Level 5 of the Dungeon
  3550 | Ossuary  | Entered an ossuary
  3681 | Ossuary  | Reached skill level 5 in Dodging
  3733 | Ossuary  | Reached XP level 7. HP: 37/51 MP: 7/7
  3782 | Ossuary  | Reached skill level 9 in Polearms
  4080 | D:4      | Found Fintir's Distillery.
  4103 | D:4      | Bought a potion of degeneration for 10 gold pieces
  4103 | D:4      | Bought a potion of haste for 100 gold pieces
  4103 | D:4      | Bought a potion of curing for 30 gold pieces
  4286 | D:4      | Found a shimmering blue altar of Sif Muna.
  4287 | D:4      | Found an ancient bone altar of Kikubaaqudgha.
  4288 | D:4      | Found a sparkling altar of Nemelex Xobeh.
  4288 | D:4      | Found a basalt altar of Yredelemnul.
  4555 | D:4      | Bought a potion of curing for 30 gold pieces
  4555 | D:4      | Bought a potion of curing for 30 gold pieces
  4555 | D:4      | Bought a potion of attraction for 30 gold pieces
  4720 | D:5      | Reached skill level 10 in Polearms
  4720 | D:5      | Reached XP level 8. HP: 53/60 MP: 8/8
  5058 | D:5      | Slain by a gnoll

Illustrated notes

Levels and vault maps discovered:
D:1:      mainiacjoe_arrival_reflecting_pool, layout_basic, minmay_vboxes
D:2:      layout_loops_corners, minivault_11, chequers_serial_rivers_small_3,
          minmay_gold_behind_fungi
D:3:      layout_loops_corners, nicolae_grassy_gnolls
D:4:      layout_rooms, mainiacjoe_overflow_alcove_3, enter_ossuary_2,
          serial_shops, nicolae_shop_statue_plus,
          eino_small_chamber_without_monster,
          eino_small_chamber_without_monster, minmay_misc_feat_rugged,
          lightli_corner_chamber
D:5:      layout_gridville

Skill      XL: |  1  2  3  4  5  6  7  8 |
---------------+-------------------------+-----
Polearms       | 5 6 7 8 10 | 10.5
Armour         | 1 2 3 |  3.0
Dodging        | 5 6 |  6.4
Fighting       | 3 4 |  4.1
Throwing       | |  2.0

Action                   |  1- 3 |  4- 6 |  7- 9 || total
-------------------------+-------+-------+-------++-------
Melee: Trident           |    83 |   153 |   232 ||   468
       Punch             |       |     2 |     1 ||     3
Evoke: Wand              |       |       |     1 ||     1
  Use: Scroll            |       |     3 |       ||     3
 Stab: Distracted        |     1 |     2 |       ||     3
       Sleeping          |       |     1 |       ||     1
Armor: Leather armour    |    18 |    26 |    31 ||    75
Dodge: Dodged            |    24 |    89 |   107 ||   220
